Get step-by-step instructions on how to execute this build order below. Start the game timer, and the build order will tick by so you can play in parallel with StarCraft on a second screen or mobile device.

Game Time

  0:00

Last Step

  N/A

Next Step

Upcoming Step



Don't want to look back and forth between 2 screens? Try out our Overwolf App, the Spawning Tool Build Advisor to get an in-game overlay with this build!

Complete Build Order

  12  0:02  SCV  
  13  0:14  SCV  
  13  0:17  Supply Depot  
  14  0:26  SCV  
  15  0:39  SCV  
  16  0:43  Barracks  
  16  0:47  Refinery  
  16  0:51  SCV  
  17  1:03  SCV  
  18  1:15  SCV  
  19  1:27  SCV  
  19  1:31  Barracks Reactor  
  20  1:44  Orbital Command  
  20  1:51  Command Center  
  20  2:09  Marine x2  
  20  2:11  Supply Depot  
  20  2:14  SCV  
  23  2:20  Factory  
  23  2:32  SCV, Marine  
  23  2:34  Marine  
  26  2:45  Supply Depot  
  26  2:46  SCV  
  27  2:58  SCV  
  28  3:03  Orbital Command  
  28  3:10  SCV  
  29  3:13  Starport  
  29  3:19  Hellion x2  
  33  3:22  Supply Depot  
  33  3:23  SCV  
  33  3:25  Barracks Tech Lab  
  34  3:33  SCV  
  35  3:35  SCV  
  36  3:42  Refinery  
  36  3:44  Hellion  
  36  3:45  SCV, Hellion  
  36  3:47  SCV  
  42  3:53  Supply Depot  
  33  4:12  Marine  
  25  4:25  Hellion x2